Workbook

Sheet 管理に係る経費の収支予算書・報告書（本業務）
A1: 第５－２号様式
A2: 20XX（令和X）年度 | G2: 施設名： | H2: ○○センター
G3: 指定管理者： | H3: ○○○○
A4: 管理に係る経費の収支予算書及び報告書
A5: 収入の部 | H5: （税込、単位：円）
A6: 科目 | C6: 細目 | D6: 消費税 取引区分 | E6: 予算額 | F6: 決算額 | G6: 増減額 | H6: 説明
A7: 指定管理料 | E7: =SUM(E8:E9) -> 0 | F7: =SUM(F8:F9) -> 0 | G7: =F7-E7 -> 0
D8: 課税 | G8: =F8-E8 -> 0
G9: =F9-E9 -> 0
A10: 利用料金収入 ※3 | E10: =SUM(E11:E12) -> 0 | F10: =SUM(F11:F12) -> 0 | G10: =F10-E10 -> 0
D11: 課税 | G11: =F11-E11 -> 0
G12: =F12-E12 -> 0
A13: 指定事業収入 | E13: =SUM(E14:E15) -> 0 | F13: =SUM(F14:F15) -> 0 | G13: =F13-E13 -> 0
D14: 課税 | G14: =F14-E14 -> 0
G15: =F15-E15 -> 0
A16: その他収入 | E16: =SUM(E17:E20) -> 0 | F16: =SUM(F17:F20) -> 0 | G16: =F16-E16 -> 0
C17: 自動販売機手数料収入 | D17: 課税 | G17: =F17-E17 -> 0
C18: コピー料収入 | D18: 課税 | G18: =F18-E18 -> 0
C19: 補助金等 | D19: 不課税 | G19: =F19-E19 -> 0
G20: =F20-E20 -> 0
A21: 収入小計 (a) | E21: =SUM(E7,E10,E13,E16) -> 0 | F21: =SUM(F7,F10,F13,F16) -> 0 | G21: =F21-E21 -> 0
A22: 自主事業からの繰入金相当額 (b) | G22: =F22-E22 -> 0
A23: 収入合計 (a)+(b) | E23: =E21+E22 -> 0 | F23: =F21+F22 -> 0 | G23: =F23-E23 -> 0
A24: （仮受消費税額計算） | E24: =(SUMIFS(E7:E21,D7:D21,"課税"))/1.1*0.1 -> 0 | F24: =(SUMIFS(F7:F21,D7:D21,"課税"))/1.1*0.1 -> 0 | G24: =F24-E24 -> 0 | H24: ※消費税納付額相当分計算用
A26: 支出等の部 | H26: （税込、単位：円）
A27: 科目 | C27: 細目 | D27: 消費税 取引区分 | E27: 予算額 | F27: 決算額 | G27: 増減額 | H27: 説明
A28: 人件費 ※4 | E28: =SUM(E29:E34) -> 0 | F28: =SUM(F29:F34) -> 0 | G28: =F28-E28 -> 0
C29: 給与・賃金 | D29: 不課税 | G29: =F29-E29 -> 0
C30: 社会保険料 | D30: 不課税 | G30: =F30-E30 -> 0
C31: 通勤手当 | D31: 課税 | G31: =F31-E31 -> 0
C32: 健康診断費 | D32: 課税 | G32: =F32-E32 -> 0
C33: 退職給付引当金繰入額 | D33: 不課税 | G33: =F33-E33 -> 0
G34: =F34-E34 -> 0
A35: 管理費 | E35: =SUM(E36,E43,E49,E52,E59,E65,E71,E75,E78) -> 0 | F35: =SUM(F36,F43,F49,F52,F59,F65,F71,F75,F78) -> 0 | G35: =F35-E35 -> 0
B36: 光熱水費 ※5 | E36: =SUM(E37:E42) -> 0 | F36: =SUM(F37:F42) -> 0 | G36: =F36-E36 -> 0
C37: 電気料金 | D37: 課税 | G37: =F37-E37 -> 0
C38: 水道料金 | D38: 課税 | G38: =F38-E38 -> 0
C39: ガス料金 | D39: 課税 | G39: =F39-E39 -> 0
C40: 重油料 | D40: 課税 | G40: =F40-E40 -> 0
C41: 灯油料 | D41: 課税 | G41: =F41-E41 -> 0
G42: =F42-E42 -> 0
B43: 需用費 | E43: =SUM(E44:E48) -> 0 | F43: =SUM(F44:F48) -> 0 | G43: =F43-E43 -> 0
C44: 消耗品 | D44: 課税 | G44: =F44-E44 -> 0
C45: 原材料費 | D45: 課税 | G45: =F45-E45 -> 0
C46: ガソリン代 | D46: 課税 | G46: =F46-E46 -> 0
C47: 印刷製本費 | D47: 課税 | G47: =F47-E47 -> 0
G48: =F48-E48 -> 0
B49: 修繕費 | E49: =SUM(E50:E51) -> 0 | F49: =SUM(F50:F51) -> 0 | G49: =F49-E49 -> 0
D50: 課税 | G50: =F50-E50 -> 0
D51: 課税 | G51: =F51-E51 -> 0
B52: 役務費 | E52: =SUM(E53:E58) -> 0 | F52: =SUM(F53:F58) -> 0 | G52: =F52-E52 -> 0
C53: 電話料 | D53: 課税 | G53: =F53-E53 -> 0
C54: 郵便料 | D54: 課税 | G54: =F54-E54 -> 0
C55: クリーニング | D55: 課税 | G55: =F55-E55 -> 0
C56: 広告料 | D56: 課税 | G56: =F56-E56 -> 0
C57: 保険料 | D57: 非課税 | G57: =F57-E57 -> 0
G58: =F58-E58 -> 0
B59: 委託費 | E59: =SUM(E60:E64) -> 0 | F59: =SUM(F60:F64) -> 0 | G59: =F59-E59 -> 0
C60: 清掃業務 | D60: 課税 | G60: =F60-E60 -> 0
C61: 樹木管理業務 | D61: 課税 | G61: =F61-E61 -> 0
C62: 機械警備業務 | D62: 課税 | G62: =F62-E62 -> 0
C63: 廃棄物収集運搬業務 | D63: 課税 | G63: =F63-E63 -> 0
G64: =F64-E64 -> 0
B65: 設備保全費 | E65: =SUM(E66:E70) -> 0 | F65: =SUM(F66:F70) -> 0 | G65: =F65-E65 -> 0
C66: 空調設備保守 | D66: 課税 | G66: =F66-E66 -> 0
C67: 消防設備保守 | D67: 課税 | G67: =F67-E67 -> 0
C68: 電気設備保守 | D68: 課税 | G68: =F68-E68 -> 0
C69: 浄化槽設備保守 | D69: 課税 | G69: =F69-E69 -> 0
G70: =F70-E70 -> 0
B71: 使用料及び賃借料 | E71: =SUM(E72:E74) -> 0 | F71: =SUM(F72:F74) -> 0 | G71: =F71-E71 -> 0
C72: 下水道使用料 | D72: 課税 | G72: =F72-E72 -> 0
C73: NHK等放送受信料 | D73: 課税 | G73: =F73-E73 -> 0
G74: =F74-E74 -> 0
B75: 備品購入費 | E75: =SUM(E76:E77) -> 0 | F75: =SUM(F76:F77) -> 0 | G75: =F75-E75 -> 0
D76: 課税 | G76: =F76-E76 -> 0
G77: =F77-E77 -> 0
B78: その他 | E78: =SUM(E79:E80) -> 0 | F78: =SUM(F79:F80) -> 0 | G78: =F78-E78 -> 0
D79: 課税 | G79: =F79-E79 -> 0
G80: =F80-E80 -> 0
A81: 事務費 | E81: =SUM(E82:E87) -> 0 | F81: =SUM(F82:F87) -> 0 | G81: =F81-E81 -> 0
C82: 旅費 | D82: 課税 | G82: =F82-E82 -> 0
C83: 消耗品費 | D83: 課税 | G83: =F83-E83 -> 0
C84: 印刷製本費 | D84: 課税 | G84: =F84-E84 -> 0
C85: 使用料及び賃借料 | D85: 課税 | G85: =F85-E85 -> 0
C86: 郵便料 | D86: 課税 | G86: =F86-E86 -> 0
G87: =F87-E87 -> 0
A88: 事業費 | E88: =SUM(E89:E96) -> 0 | F88: =SUM(F89:F96) -> 0 | G88: =F88-E88 -> 0
C89: 報償費 | D89: 課税 | G89: =F89-E89 -> 0
C90: 消耗品費 | D90: 課税 | G90: =F90-E90 -> 0
C91: 印刷製本費 | D91: 課税 | G91: =F91-E91 -> 0
C92: 使用料及び賃借料 | D92: 課税 | G92: =F92-E92 -> 0
C93: 保険料 | D93: 非課税 | G93: =F93-E93 -> 0
C94: 広告料 | D94: 課税 | G94: =F94-E94 -> 0
C95: 郵便料 | D95: 課税 | G95: =F95-E95 -> 0
G96: =F96-E96 -> 0
A97: その他支出 | E97: =SUM(E98:E99) -> 0 | F97: =SUM(F98:F99) -> 0 | G97: =F97-E97 -> 0
G98: =F98-E98 -> 0
G99: =F99-E99 -> 0
A100: 消費税納付額相当分ほか | E100: =SUM(E101:E104) -> 0 | F100: =SUM(F101:F104) -> 0 | G100: =F100-E100 -> 0
C101: 消費税納付額相当分 ※6 | D101: ― | E101: =E24-E112 -> 0 | F101: =F24-F112 -> 0 | G101: =F101-E101 -> 0 | H101: 【自動計算】
...

Sheet 自主事業に係る収支予算書・報告書
A1: 第５－２号様式
A2: ='管理に係る経費の収支予算書・報告書（本業務）'!A2:C2 -> 20XX（令和X）年度 | G2: 施設名： | H2: ='管理に係る経費の収支予算書・報告書（本業務）'!H2 -> ○○センター
G3: 指定管理者： | H3: ='管理に係る経費の収支予算書・報告書（本業務）'!H3 -> ○○○○
A4: 自主事業に係る収支予算書及び報告書
A5: 収入の部 | H5: （税込、単位：円）
A6: 科目 | C6: 細目 | D6: 消費税 取引区分 | E6: 予算額 | F6: 決算額 | G6: 増減額 | H6: 説明
G7: =F7-E7 -> 0
G8: =F8-E8 -> 0
G9: =F9-E9 -> 0
G10: =F10-E10 -> 0
G11: =F11-E11 -> 0
A12: 収入小計 (a) | E12: =SUM(E7:E11) -> 0 | F12: =SUM(F7:F11) -> 0 | G12: =F12-E12 -> 0
A13: 本業務からの繰入金相当額 (b) | G13: =F13-E13 -> 0
A14: 収入合計 (a)+(b) | E14: =E12+E13 -> 0 | F14: =F12+F13 -> 0 | G14: =F14-E14 -> 0
A15: （仮受消費税額計算） | E15: =(SUMIFS(E7:E12,D7:D12,"課税"))/1.1*0.1 -> 0 | F15: =(SUMIFS(F7:F12,D7:D12,"課税"))/1.1*0.1 -> 0 | G15: =F15-E15 -> 0 | H15: ※消費税納付額相当分計算用
A17: 支出等の部 | H17: （税込、単位：円）
A18: 科目 | C18: 細目 | D18: 消費税 取引区分 | E18: 予算額 | F18: 決算額 | G18: 増減額 | H18: 説明
A19: 人件費 ※1 | E19: =SUM(E20:E22) -> 0 | F19: =SUM(F20:F22) -> 0 | G19: =F19-E19 -> 0
C20: 給与・賃金 | D20: 不課税 | G20: =F20-E20 -> 0
G21: =F21-E21 -> 0
G22: =F22-E22 -> 0
A23: 事業費 | E23: =SUM(E24:E34) -> 0 | F23: =SUM(F24:F34) -> 0 | G23: =F23-E23 -> 0
C24: 報償費 | D24: 課税 | G24: =F24-E24 -> 0
C25: 消耗品費 | D25: 課税 | G25: =F25-E25 -> 0
C26: 印刷製本費 | D26: 課税 | G26: =F26-E26 -> 0
C27: 施設利用料 | D27: 課税 | G27: =F27-E27 -> 0
C28: 使用料及び賃借料 | D28: 課税 | G28: =F28-E28 -> 0
C29: 行政財産使用料 | D29: 課税 | G29: =F29-E29 -> 0
C30: 保険料 | D30: 非課税 | G30: =F30-E30 -> 0
C31: 広告料 | D31: 課税 | G31: =F31-E31 -> 0
C32: 郵便料 | D32: 課税 | G32: =F32-E32 -> 0
G33: =F33-E33 -> 0
G34: =F34-E34 -> 0
A35: 事務費 | E35: =SUM(E36:E38) -> 0 | F35: =SUM(F36:F38) -> 0 | G35: =F35-E35 -> 0
C36: 旅費 | D36: 課税 | G36: =F36-E36 -> 0
C37: 消耗品費 | D37: 課税 | G37: =F37-E37 -> 0
G38: =F38-E38 -> 0
A39: その他支出 | E39: =SUM(E40:E41) -> 0 | F39: =SUM(F40:F41) -> 0 | G39: =F39-E39 -> 0
G40: =F40-E40 -> 0
G41: =F41-E41 -> 0
A42: 消費税納付額相当分ほか | E42: =SUM(E43:E45) -> 0 | F42: =SUM(F43:F45) -> 0 | G42: =F42-E42 -> 0
C43: 消費税納付額相当分 ※3 | D43: ― | E43: =E15-E50 -> 0 | F43: =F15-F50 -> 0 | G43: =F43-E43 -> 0 | H43: 【自動計算】
C44: 印紙税 | D44: ― | G44: =F44-E44 -> 0
G45: =F45-E45 -> 0
A46: 一般管理費等 ※4 | E46: =E12-(E19+E35+E23+E39+E42) -> 0 | F46: =F12-(F19+F35+F23+F39+F42) -> 0 | G46: =F46-E46 -> 0 | H46: 【自動計算】
A47: 支出等小計 (a) | E47: =SUM(E19,E35,E23,E39,E42,E46) -> 0 | F47: =SUM(F19,F35,F23,F39,F42,F46) -> 0 | G47: =F47-E47 -> 0
A48: 本業務への繰出金相当額 (b) | G48: =F48-E48 -> 0
A49: 支出等合計 (a)+(b) | E49: =E47+E48 -> 0 | F49: =F47+F48 -> 0 | G49: =F49-E49 -> 0
A50: （仮払消費税額計算） | E50: =(SUMIFS(E19:E46,D19:D46,"課税"))/1.1*0.1 -> 0 | F50: =(SUMIFS(F19:F46,D19:D46,"課税"))/1.1*0.1 -> 0 | G50: =F50-E50 -> 0 | H50: ※消費税納付額相当分計算用
A52: ＜注意事項＞
A53: ※1 | C53: 自主事業の人件費は、本業務と明確に区分できる場合のみ入力するものとし、明確に区分できなければ計上しないものとしてください。
A54: ※2 | C54: 「科目」は原則、改変しないようお願いします。該当科目が無い場合は、その他欄に記入し「細目」、「説明」欄等に内容を入力してください。
A55: ※3 | C55: 消費税納付額相当分は、仮受消費税と仮払消費税の差とし、自動計算するため、『消費税取引区分』は必ず入力してください（課税、非課税、不課税、―から選択）。
A56: ※4 | C56: 一般管理費等とは、施設の管理運営に係る直接業務以外で、本社（本部）機能の維持等に係る経費や法人税額相当分、利益相当分とします（本様式では、収入－支出等の差額とし、自動計算としています）。 社会福祉事業等、消費税法上の非課税事業に該当する事業は、上記自動計算にせず、個別の計算により算出した消費税納付額相当分を入力してください。
A57: ※5 | C57: 障害者優先調達を行った場合は、その内容（金額、委託先・調達先等）を説明欄に記載してください。

Sheet 連結収支予算書・報告書
A1: 第５－２号様式
A2: ='管理に係る経費の収支予算書・報告書（本業務）'!A2:C2 -> 20XX（令和X）年度 | G2: 施設名： | H2: ='管理に係る経費の収支予算書・報告書（本業務）'!H2 -> ○○センター
G3: 指定管理者： | H3: ='管理に係る経費の収支予算書・報告書（本業務）'!H3 -> ○○○○
A4: 連結収支予算書・報告書（本業務＋自主事業）
A5: 収入の部 | H5: （税込、単位：円）
A6: 科目 | D6: 消費税 取引区分 | E6: 予算額 | F6: 決算額 | G6: 増減額 | H6: 説明
A7: 管理に係る経費収入小計 | D7: ― | E7: ='管理に係る経費の収支予算書・報告書（本業務）'!E21 -> 0 | F7: ='管理に係る経費の収支予算書・報告書（本業務）'!F21 -> 0 | G7: =F7-E7 -> 0
A8: 自主事業に係る収入小計 | D8: ― | E8: =自主事業に係る収支予算書・報告書!E12 -> 0 | F8: =自主事業に係る収支予算書・報告書!F12 -> 0 | G8: =F8-E8 -> 0
A9: 総収入合計 | E9: =SUM(E7:E8) -> 0 | F9: =SUM(F7:F8) -> 0 | G9: =F9-E9 -> 0
A11: 支出等の部 | H11: （税込、単位：円）
A12: 科目 | D12: 消費税 取引区分 | E12: 予算額 | F12: 決算額 | G12: 増減額 | H12: 説明
A13: 管理に係る経費支出等小計 | D13: ― | E13: ='管理に係る経費の収支予算書・報告書（本業務）'!E109 -> 0 | F13: ='管理に係る経費の収支予算書・報告書（本業務）'!F109 -> 0 | G13: =F13-E13 -> 0
A14: 自主事業に係る支出等小計 | D14: ― | E14: =自主事業に係る収支予算書・報告書!E47 -> 0 | F14: =自主事業に係る収支予算書・報告書!F47 -> 0 | G14: =F14-E14 -> 0
A15: 総支出等合計 | E15: =SUM(E13:E14) -> 0 | F15: =SUM(F13:F14) -> 0 | G15: =F15-E15 -> 0
A16: 参考（再掲）
A17: 科目 | D17: 消費税 取引区分 | E17: 予算額 | F17: 決算額 | G17: 増減額 | H17: 説明
A18: 一般管理費等（本業務） | D18: ― | E18: ='管理に係る経費の収支予算書・報告書（本業務）'!E108 -> 0 | F18: ='管理に係る経費の収支予算書・報告書（本業務）'!F108 -> 0 | G18: =F18-E18 -> 0
A19: 一般管理費等（自主事業） | D19: ― | E19: =自主事業に係る収支予算書・報告書!E46 -> 0 | F19: =自主事業に係る収支予算書・報告書!F46 -> 0 | G19: =F19-E19 -> 0
A20: 一般管理費等合計 | E20: =SUM(E18:E19) -> 0 | F20: =SUM(F18:F19) -> 0 | G20: =F20-E20 -> 0
A22: ＜注意事項＞
A23: ※1 | C23: 連結収支には、本業務⇔自主事業間の繰入金、繰出金は加算しないでください。
